 Dungeon Crawl Stone Soup version 0.21.1-68-g103a7afc0a (webtiles) character file.

546 SacredBeard the Skirmisher (level 7, -3/55 HPs)
             Began as a Demonspawn Berserker on Aug 3, 2018.
             Was a Believer of Trog.
             Splashed by a jelly's acid (10 damage)
             ... on level 6 of the Dungeon.
             The game lasted 00:18:34 (4218 turns).

SacredBeard the Skirmisher (Demonspawn Berserker)   Turns: 4218, Time: 00:18:38

Health: -3/55      AC: -8    Str: 19    XL:     7   Next: 6%
Magic:  7/7        EV: 13    Int:  9    God:    Trog [**....]
Gold:   182        SH:  3    Dex: 12    Spells: 6/6 levels left

rFire    . . .     SeeInvis .   a - +0 short sword
rCold    . . .     Gourm    .   s - +0 buckler
rNeg     . . .     Faith    .   m - +0 leather armour
rPois    .         Spirit   .   (no helmet)
rElec    .         Reflect  .   (no cloak)
rCorr    .         Harm     .   (no gloves)
MR       .....                  (no boots)
Stlth    +.........             (no amulet)
HPRegen  0.18/turn              (no ring)
MPRegen  0.10/turn              (no ring)

@: corroded
A: demonic guardian 2, powered by death 1
a: Berserk, Trog's Hand, Burn Spellbooks, Renounce Religion


You were on level 6 of the Dungeon.
You worshipped Trog.
Trog was pleased with you.
You were near starving.

You visited 1 branch of the dungeon, and saw 5 of its levels.

You collected 182 gold pieces.

Inventory:

Hand Weapons
 a - a +0 short sword (weapon)
Armour
 m - a +0 leather armour (worn)
 s - a +0 buckler (worn)
Wands
 o - a wand of paralysis (20)
Scrolls
 d - 7 scrolls of identify {unknown}
 e - a scroll of enchant armour {unknown}
 g - 5 scrolls of teleportation {unknown}
 k - a scroll of amnesia {unknown}
 l - 2 scrolls of remove curse {unknown}
 q - a scroll of enchant weapon {unknown}
 r - a scroll of fear {unknown}
Potions
 b - a potion of haste
 f - 4 potions of curing
 h - a potion of might {unknown}
 i - 2 potions of lignification {unknown}
 j - a potion of magic {unknown}
 n - a potion of heal wounds {unknown}
 p - a potion of invisibility {unknown}
Comestibles
 c - 5 rations


   Skills:
 * Level 4.7 Fighting
 + Level 4.4 Short Blades
 + Level 2.7 Armour
 * Level 4.4 Dodging
 + Level 0.5 Stealth


You had 6 spell levels left.
You didn't know any spells.

Dungeon Overview and Level Annotations

Branches:
Dungeon (6/15)             Temple (0/1) D:5

Altars:

Shops:
D:6 }


Innate Abilities, Weirdness & Mutations

A demonic guardian rushes to your aid.
You regenerate a little health from kills.


Message History

The jelly closely misses you.
You hit the jelly but do no damage.
Your hands burn!
The jelly is severely wounded.
The jelly barely misses you.
You hit the jelly.
Your hands burn!
The jelly is almost dead.
The jelly misses you.
You hit the jelly but do no damage. The acid corrodes you!
Your hands burn!
The jelly is almost dead.
The jelly misses you.
You hit the jelly but do no damage.
Your hands burn!
* * * LOW HITPOINT WARNING * * *
The jelly is almost dead.
You hit the jelly but do no damage.
Your hands burn!
* * * LOW HITPOINT WARNING * * *
The jelly is almost dead.
The jelly hits you.
* * * LOW HITPOINT WARNING * * *
You are splashed with acid!
The acid burns!
You die...

## . ..# .. ... ... #.#
#.. #.# .# #.. #.##.#
#######...##....## .....
#ZJ@.#...# #...#
#...##.#.#.# #...#
##.###.#.#.### . #...#
##...........# .
#...#............#.#
.#####...########.#...#.#
...<3..#..........#...#.#
.##.#.##.##########...#.#
.##.#.##.# #...#.#


You could see a jelly and a leopard gecko skeleton.

Vanquished Creatures
  An ice beast (D:5)
  An ogre (D:5)
  A crimson imp (D:5)
  A bullfrog zombie (D:6)
  A jelly (D:2)
  2 worker ants
  An ooze (D:2)
  2 adder skeletons (D:5)
  3 worms
  A dart slug (D:1)
  3 orcs
  2 ball pythons
  3 giant cockroaches
  8 goblins
  5 hobgoblins
  4 quokkas
  9 bats
  4 frilled lizards (D:2)
  A kobold (D:1)
  4 rats
57 creatures vanquished.

Vanquished Creatures (collateral kills)
  Grinder (D:6)
  A crimson imp (D:5)
  2 worker ants (D:5)
4 creatures vanquished.

Grand Total: 61 creatures vanquished

Notes
Turn   | Place    | Note
-------+----------+-------------------------------------------
     0 | D:1      | SacredBeard the Demonspawn Berserker began the quest for the Orb.
     0 | D:1      | Reached XP level 1. HP: 18/18 MP: 1/1
   434 | D:1      | Gained mutation: A weak demonic guardian rushes to your aid. [demonic ancestry]
   434 | D:1      | Reached XP level 2. HP: 23/24 MP: 2/2
  1088 | D:2      | Gained mutation: You regenerate a little health from kills. [demonic ancestry]
  1088 | D:2      | Reached XP level 3. HP: 11/29 MP: 3/3
  1568 | D:2      | Reached XP level 4. HP: 32/37 MP: 4/4
  1571 | D:2      | Reached ** piety under Trog
  2192 | D:3      | You fall through a shaft for 3 floors!
  2207 | D:5      | Entered Level 5 of the Dungeon
  2383 | D:6      | Noticed Grinder
  2383 | D:6      | Noticed a sky beast
  2396 | D:5      | Reached XP level 5. HP: 37/42 MP: 5/5
  2650 | D:5      | Noticed an ice beast
  2665 | D:5      | Killed an ice beast
  2759 | D:5      | Gained mutation: A demonic guardian rushes to your aid. [demonic ancestry]
  2759 | D:5      | Reached XP level 6. HP: 43/48 MP: 6/6
  3695 | D:5      | Found a staircase to the Ecumenical Temple.
  3740 | D:6      | Killed Grinder
  3944 | D:6      | Found Igharchi's Gadget Shoppe.
  3971 | D:6      | Reached XP level 7. HP: 54/55 MP: 7/7
  4218 | D:6      | Splashed by a jelly's acid

Skill      XL: |  1  2  3  4  5  6 |
---------------+-------------------+-----
Dodging        | 2 3 4 |  4.4
Short Blades   | 3 4 |  4.4
Fighting       | 4 |  4.7
Armour         | 2 |  2.7
Stealth        | |  0.5

Action                   |  1- 3 |  4- 6 |  7- 9 || total
-------------------------+-------+-------+-------++-------
Melee: Short sword       |   132 |   233 |    27 ||   392
Invok: Berserk           |     1 |     2 |       ||     3
  Use: Potion            |       |     2 |       ||     2
  Eat: Chunk             |     3 |     8 |     1 ||    12
Armor: Animal skin       |    16 |       |       ||    16
       Leather armour    |    17 |    31 |     2 ||    50
Dodge: Dodged            |    90 |   113 |    17 ||   220
